 Dungeon Crawl Stone Soup version 0.20-a0-386-g2d247ea (webtiles) character file.

69083 HagarQim the Mender (level 14, 0/195 HPs)
             Began as a Deep Dwarf Fighter on Dec 30, 2016.
             Was a Priest of Elyvilon.
             Slain by Saint Roka
             ... wielding a +0 halberd of chopping
              (2 damage)
             ... on level 2 of the Orcish Mines.
             The game lasted 02:56:53 (22911 turns).

HagarQim the Mender (Deep Dwarf Fighter)           Turns: 22911, Time: 02:56:54

Health: 0/195      AC: 24    Str: 31    XL:     14   Next: 89%
Magic:  12/12      EV:  6    Int: 10    God:    Elyvilon [***...]
Gold:   1744       SH: 15    Dex: 20    Spells: 13/13 levels left

rFire  + + .     SeeInvis .     s - +6 falchion of Joyful Slaughter {flame, -Tele *Slow rPois Dex+8}
rCold  x . .     Gourm    +     P - +2 crystal plate armour
rNeg   + . .     Faith    .     B - +1 shield {rF+}
rPois  +         Spirit   .     (no helmet)
rElec  .         Reflect  .     K - +0 cloak
rCorr  .         Harm     .     o - +1 pair of gloves
MR     ++...     NoTele   +     E - +2 pair of boots
Stlth  ..........               z - amulet of the gourmand
                                t - ring of fire
                                X - +2 ring of strength

@: berserking (expiring), very slightly contaminated, non-regenerating, hasted,
studying Armour, very quick
A: damage resistance, recharge devices, blurry vision 1, deformed body, negative
energy resistance 1, sense surroundings 3, screaming 1, slow regeneration 3
a: Heal Wounds, Lesser Healing, Heal Other, Purification, Divine Protection,
Renounce Religion


You were on level 2 of the Orcish Mines.
You worshipped Elyvilon.
Elyvilon was most pleased with you.
You were not hungry.

You visited 4 branches of the dungeon, and saw 21 of its levels.
You also visited: Bailey.

You collected 2028 gold pieces.
You spent 284 gold pieces at shops.

Inventory:

Hand Weapons
 e - the +1 short sword of Raigg {pierce, rElec rPois MR++ Dex-4}
   (You found it on level 11 of the Dungeon)

   It inflicts extra damage upon your enemies.
   It affects your dexterity (-4).
   It insulates you from electricity.
   It protects you from poison.
   It affects your resistance to hostile enchantments.
 m - a +2 long sword of protection
 s - the +6 falchion of Joyful Slaughter (weapon) {flame, -Tele *Slow rPois Dex+8}
   (You found it on level 5 of the Dungeon)

   It has been specially enchanted to burn those struck by it, causing extra
   injury to most foes and up to half again as much damage against particularly
   susceptible opponents.
   Big, fiery blades are also staple armaments of hydra-hunters.
   It affects your dexterity (+8).
   It protects you from poison.
   It prevents most forms of teleportation.
   It may slow you when you take damage.
 w - a +4 hunting sling of flaming
 J - a +1 falchion of holy wrath
 L - a +1 long sword of holy wrath
Missiles
 c - 16 javelins of returning (quivered)
 g - 7 javelins
 l - 3 steel tomahawks
 r - 5 sling bullets
 F - 3 throwing nets
Armour
 b - a +0 plate armour
 o - a +1 pair of gloves (worn)
 B - a +1 shield of fire resistance (worn)
 D - a +3 chain mail
 E - a +2 pair of boots (worn)
 K - a +0 cloak (worn)
 P - a +2 crystal plate armour (worn)
Jewellery
 j - an uncursed amulet of magic regeneration
 p - an uncursed ring of ice
 t - a ring of fire (right hand)
 x - an uncursed ring of poison resistance
 z - an amulet of the gourmand (around neck)
 M - an uncursed ring of teleportation
 S - a +3 ring of evasion
 X - a +2 ring of strength (left hand)
 Y - an uncursed ring of positive energy
Wands
 G - a wand of disintegration (8/24)
Scrolls
 d - 2 scrolls of identify
 i - 13 scrolls of teleportation
 y - a scroll of fog
 O - 3 scrolls of magic mapping
 Q - 2 scrolls of fear
 R - a scroll of holy word
Potions
 a - 3 potions of lignification
 k - a potion of haste
 v - 3 potions of flight
 H - a potion of resistance
 Z - a potion of curing
Books
 N - a manual of Armour
Miscellaneous
 C - a lamp of fire
Comestibles
 f - 10 bread rations
 h - 5 beef jerkies
 n - 8 meat rations
 q - 9 royal jellies
 u - 10 slices of pizza
 U - 17 fruits


   Skills:
 - Level 9.9 Fighting
 + Level 12.0 Long Blades
   Level 5.4 Axes
 + Level 11.7 Slings
 * Level 12.5 Armour
 - Level 1.0 Dodging
 + Level 3.2 Stealth
 + Level 12.0 Shields
 * Level 12.6 Invocations


You had 13 spell levels left.
You didn't know any spells.

Dungeon Overview and Level Annotations

Branches:
Dungeon (12/15)            Temple (1/1) D:6            Lair (6/6) D:10
  Swamp (0/4) Lair:3       Spider (0/4) Lair:2        Slime (0/5) Lair:6
    Orc (2/2) D:11            Elf (0/3) Orc:2

Altars:
Ashenzari
Cheibriados
Dithmenos
Elyvilon
Fedhas
Gozag
Hepliaklqana
Kikubaaqudgha
Makhleb
Nemelex Xobeh
Okawaru
Qazlal
Ru
Sif Muna
Trog
Uskayaw
Vehumet
Xom
Yredelemnul
Zin
The Shining One
Beogh

Shops:
D:6 :[!*   D:10 (

Annotations:
Lair:6 exclusion: oklob plant
Orc:2 Saint Roka, Urug


Innate Abilities, Weirdness & Mutations

You are resistant to damage.
You can recharge devices by infusing magical energy.
You resist negative energy. (rN+)
You passively map a large area around you.
You do not regenerate.
Scrolls take you a little longer to read.
Armour fits poorly on your strangely shaped body.
You occasionally shout uncontrollably at your foes.


Message History

You are too berserk!
You slash Saint Roka! You burn Saint Roka.
Saint Roka is almost dead.
You hit Saint Roka. You burn Saint Roka.
Saint Roka is almost dead.
You block the orc warrior's attack.
Saint Roka hits you with a halberd of chopping!
* * * LOW HITPOINT WARNING * * *
x2 Urug hits you with a broad axe of freezing!!
* * * LOW HITPOINT WARNING * * *
Urug freezes you.
* * * LOW HITPOINT WARNING * * *
Your shield and crystal plate armour prevent you from hitting Saint Roka.
Saint Roka is almost dead.
You slash Saint Roka! You burn Saint Roka.
Saint Roka is almost dead.
You block the orc warrior's attack.
Saint Roka hits you with a halberd of chopping!
Elyvilon protects you from harm!
You die...

.#####..###......###
####8...8## ...#....# ##.#...#
, #..(..# #...[..#.# ####.## ,
..(..#* ##....#### ##### **
....# #.....# ##.###### ,...,
......#### #....##.#####.... ,,
...#.....####...(....8.....(
..##......##.....o.(([..(...
.#####.....[[..o@o..[......._,,
..# ##....[......##........., ,
.####....##[[##.###..8...... ,
...#.....######## ######...., ,
.[.......# ....,, , .[.....###
* , #..o, #.....## * ,,, #...
.......## *, #8...8 * ........#
∩ * #.....##


You could see Saint Roka, Urug and an orc warrior.

Vanquished Creatures
  Rupert (Lair:6)
  Nessos (Lair:4)
  A dire elephant (Lair:6)
  Azrael (Orc:2)
  Fannar (D:11)
  8 hydras
  A catoblepas (Lair:6)
  The ghost of HagarQim the Protected, a novice DDFi of Elyvilon (D:10)
  A deep troll shaman (Lair:6)
  3 death yaks (Lair:6)
  3 two-headed ogres
  Nergalle (Lair:1)
  2 orc high priests (Orc:2)
  An orb spider (Lair:2)
  2 orc knights (Orc:2)
  3 orc sorcerers (Orc:2)
  5 black mambas
  An eye of devastation (Lair:6)
  An ice statue (D:11)
  26 elephants
  7 spiny frogs
  4 rime drakes
  24 komodo dragons
  5 polar bears
  A queen bee (Lair:1)
  3 trolls
  7 blink frogs
  A slime creature (Lair:6)
  3 dream sheep
  8 hippogriffs
  3 wyverns
  31 yaks
  2 wraiths (D:12)
  3 basilisks
  2 hungry ghosts (D:11)
  5 fire elementals (Orc:2)
  3 wargs (Orc:2)
  Edmund (D:5)
  A soldier ant (D:12)
  15 water moccasins
  3 hell hounds (Orc:2)
  Duvessa (D:5)
  26 orc warriors
  10 porcupines
  An ice beast (D:10)
  3 sky beasts
  4 phantoms
  12 ogres
  22 wolves
  12 centaurs
  8 crocodiles
  5 big kobolds
  A gnoll sergeant (D:6)
  12 bullfrogs
  Dowan (D:5)
  A wyvern skeleton (D:10)
  4 scorpions
  31 killer bees
  A howler monkey (D:5)
  A vampire bat (Lair:1)
  4 electric eels (Lair:3)
  6 jellies
  7 crimson imps
  A centaur zombie (D:9)
  2 centaur skeletons
  2 bullfrog zombies (D:11)
  3 hounds
  12 orc priests
  17 orc wizards
  2 bullfrog skeletons
  Jessica (D:3)
  4 iguanas
  Terence (D:3)
  7 hell rats (Lair:5)
  5 worker ants
  2 hound zombies (D:11)
  A hound skeleton (D:6)
  A howler monkey zombie (D:5)
  19 gnolls
  12 adders
  3 shadow imps
  An ooze (D:7)
  3 worms
  2 dart slugs
  2 leopard geckos
  94 orcs
  3 ball pythons
  5 giant cockroaches
  4 goblins
  13 hobgoblins
  8 jackals
  14 kobolds
  2 quokkas
  15 bats
  6 frilled lizards
  2 jackal skeletons (D:4)
  A leopard gecko skeleton (D:6)
  A leopard gecko zombie (D:6)
  9 rats
  2 fungi
  2 plants
653 creatures vanquished.

Vanquished Creatures (others)
  A bush (Lair:6)
  30 fungi
  13 plants
44 creatures vanquished.

Grand Total: 697 creatures vanquished

Notes
Turn   | Place    | Note
-------+----------+-------------------------------------------
     0 | D:1      | HagarQim the Deep Dwarf Fighter began the quest for the Orb.
     0 | D:1      | Reached XP level 1. HP: 20/20 MP: 1/1
   181 | D:1      | Reached XP level 2. HP: 21/27 MP: 2/2
   818 | D:2      | Reached XP level 3. HP: 21/33 MP: 3/3
  1303 | D:2      | Reached XP level 4. HP: 42/42 MP: 4/4
  1407 | D:2      | Reached skill level 1 in Dodging
  1821 | D:3      | Reached skill level 1 in Slings
  1845 | D:3      | Noticed Jessica
  1855 | D:3      | Killed Jessica
  1855 | D:3      | Reached XP level 5. HP: 24/49 MP: 5/5
  2181 | D:3      | Noticed Terence
  2201 | D:3      | Killed Terence
  2866 | D:5      | Entered Level 5 of the Dungeon
  2868 | D:5      | Noticed Duvessa
  3049 | D:4      | Noticed an ogre
  3058 | D:4      | Killed an ogre
  3058 | D:4      | Reached XP level 6. HP: 19/56 MP: 5/5
  3169 | D:5      | Found an iron altar of Okawaru.
  3292 | D:4      | Reached skill level 5 in Axes
  3292 | D:4      | Reached XP level 7. HP: 15/62 MP: 5/5
  3928 | D:4      | Reached skill level 5 in Shields
  3997 | D:5      | Got an ancient falchion
  4002 | D:5      | Identified the +6 falchion of Joyful Slaughter {flame, -Tele *Slow rPois Dex+8} (You found it on level 5 of the Dungeon)
  4037 | D:6      | Found a staircase to the Ecumenical Temple.
  4051 | Temple   | Entered the Ecumenical Temple
  4145 | Temple   | Became a worshipper of Elyvilon the Healer
  4297 | D:5      | Killed Duvessa
  4297 | D:5      | Reached skill level 1 in Long Blades
  4299 | D:5      | Noticed Dowan
  4304 | D:5      | Killed Dowan
  4393 | D:5      | Noticed Edmund
  4401 | D:5      | Reached skill level 5 in Armour
  4409 | D:5      | Killed Edmund
  4409 | D:5      | Reached XP level 8. HP: 43/72 MP: 6/6
  4798 | D:5      | Reached * piety under Elyvilon
  5063 | D:6      | Found Zemeopou's Assorted Antiques.
  5186 | D:6      | Reached skill level 1 in Stealth
  5192 | D:6      | Found Ydastrib's Armour Emporium.
  5202 | D:6      | Found a sacrificial altar of Ru.
  5203 | D:6      | Bought a +1 shield of fire resistance for 214 gold pieces
  5377 | D:6      | Found a blossoming altar of Fedhas.
  5393 | D:6      | Reached skill level 5 in Long Blades
  5534 | D:6      | Found Qauco's Distillery.
  5542 | D:7      | Reached ** piety under Elyvilon
  5557 | D:6      | Bought a potion of heal wounds for 70 gold pieces
  5593 | D:6      | Found Erosapto's Book Boutique.
  5708 | D:6      | Gained mutation: You passively map the area around you. [Deep Dwarf growth]
  5708 | D:6      | Reached XP level 9. HP: 58/79 MP: 6/6
  5845 | D:6      | Gained mutation: You have sharp toenails. [potion of mutation]
  5845 | D:6      | Gained mutation: You evolve. [potion of mutation]
  6410 | D:7      | Reached skill level 5 in Slings
  6469 | D:7      | Found a runed door.
  6549 | D:7      | Reached skill level 1 in Invocations
  6677 | D:7      | Found a roughly hewn altar of Beogh.
  7104 | D:7      | Found a burning altar of Makhleb.
  7104 | D:7      | Found a shattered altar of Ashenzari.
  7109 | D:7      | Found a deep blue altar of Sif Muna.
  7111 | D:7      | Found a faded altar of an unknown god.
  7113 | D:7      | Found a faded altar of an unknown god.
  7684 | D:8      | Reached skill level 5 in Fighting
  7721 | D:9      | Reached *** piety under Elyvilon
  7991 | D:8      | Found a sacrificial altar of Ru.
  8535 | D:10     | Entered Level 10 of the Dungeon
  8810 | D:9      | Reached **** piety under Elyvilon
  8875 | D:9      | Reached XP level 10. HP: 86/88 MP: 6/6
  8895 | D:9      | Lost mutation: You evolve. [potion of cure mutation]
  8895 | D:9      | Lost mutation: You have sharp toenails. [potion of cure mutation]
  9618 | D:10     | Found Dehaosk's Antique Weapon Emporium.
  9703 | D:10     | Noticed HagarQim's ghost (novice DDFi)
  9774 | D:10     | Killed HagarQim's ghost
  9807 | D:10     | Reached skill level 5 in Invocations
  9894 | D:10     | Found a staircase to the Lair.
 10186 | D:10     | Noticed a two-headed ogre
 10196 | D:10     | Killed a two-headed ogre
 10196 | D:10     | Reached XP level 11. HP: 76/99 MP: 8/8
 10562 | D:11     | Reached ***** piety under Elyvilon
 10573 | D:11     | Noticed Fannar
 10609 | D:11     | Killed Fannar
 10916 | D:11     | Got a translucent short sword
 10919 | D:11     | Got a glittering diamond amulet
 10930 | D:11     | Identified the amulet "Pames" {Inacc Fragile rElec Dex+3} (You found it on level 11 of the Dungeon)
 10933 | D:11     | Identified the cursed +1 short sword of Raigg {pierce, rElec rPois MR++ Dex-4} (You found it on level 11 of the Dungeon)
 10972 | D:11     | Noticed a two-headed ogre
 10980 | D:11     | Killed a two-headed ogre
 11070 | D:11     | Found a staircase to the Orcish Mines.
 11147 | D:11     | Noticed a five-headed hydra
 11156 | D:11     | Killed a one-headed hydra
 11291 | D:11     | Noticed a three-headed hydra
 11301 | D:11     | Killed a one-headed hydra
 11480 | Lair:1   | Entered Level 1 of the Lair of Beasts
 11553 | Lair:1   | Noticed a seven-headed hydra
 11563 | Lair:1   | Killed a three-headed hydra
 11708 | Lair:1   | Noticed Nergalle
 11728 | Lair:1   | Killed Nergalle
 11728 | Lair:1   | Reached XP level 12. HP: 59/109 MP: 10/10
 12371 | Lair:1   | Gained mutation: You occasionally shout uncontrollably at your foes. [potion of mutation]
 12371 | Lair:1   | Gained mutation: You are robust. (+10% HP) [potion of mutation]
 12371 | Lair:1   | Gained mutation: Armour fits poorly on your strangely shaped body. [potion of mutation]
 12464 | Lair:1   | Reached skill level 10 in Armour
 12502 | Lair:1   | Noticed a six-headed hydra
 12508 | Lair:1   | Killed a six-headed hydra
 13051 | Lair:2   | Found a hole to the Spider Nest.
 13227 | Lair:2   | Reached skill level 10 in Long Blades
 13898 | Lair:3   | Noticed a six-headed hydra
 13910 | Lair:3   | Killed a one-headed hydra
 13910 | Lair:3   | Reached skill level 10 in Shields
 14188 | Lair:3   | Lost mutation: You are robust. (+10% HP) [potion of mutation]
 14188 | Lair:3   | Gained mutation: Scrolls take you a little longer to read. [potion of mutation]
 14273 | Lair:3   | Found a staircase to the Swamp.
 14980 | Lair:4   | Reached XP level 13. HP: 74/118 MP: 13/13
 15041 | Lair:4   | Reached skill level 10 in Invocations
 15466 | Lair:4   | Found a shimmering altar of Xom.
 15742 | Lair:4   | Noticed Nessos
 15767 | Lair:4   | Killed Nessos
 16283 | Lair:6   | Entered Level 6 of the Lair of Beasts
 16336 | Lair:5   | Reached skill level 10 in Slings
 17282 | Lair:6   | Gained mutation: You passively map a large area around you. [potion of beneficial mutation]
 17937 | Lair:6   | Gained mutation: You resist negative energy. (rN+) [Deep Dwarf growth]
 17937 | Lair:6   | Reached XP level 14. HP: 101/129 MP: 13/13
 18101 | Lair:6   | Found a staircase to the Slime Pits.
 18905 | Lair:6   | Noticed Rupert
 18968 | Lair:6   | Killed Rupert
 19148 | Lair:6   | Found a blossoming altar of Fedhas.
 20109 | Orc:1    | Entered Level 1 of the Orcish Mines
 20123 | Orc:2    | Entered Level 2 of the Orcish Mines
 20129 | Orc:1    | Found a flagged portal.
 20153 | Bailey   | Entered a bailey
 20984 | Bailey   | Identified a scroll of acquirement
 22067 | Orc:2    | Noticed Azrael
 22088 | Orc:2    | Killed Azrael
 22241 | Orc:2    | Noticed Saint Roka
 22444 | Orc:2    | Found a staircase to the Elven Halls.
 22878 | Orc:2    | Noticed Urug
 22909 | Orc:2    | HP: 3/195 [Urug/broad axe of freezing (25)]
 22911 | Orc:2    | Elyvilon protects you from harm!
 22911 | Orc:2    | Slain by Saint Roka

Vault maps used:
D:1:      scummos_arrival_hexagon, minmay_parallelograms, grunt_decor_one_mirror
D:3:      uniq_jessica, uniq_terence
D:4:      first_bread
D:5:      okawaru_ov_weapons_minmay, uniq_edmund, uniq_duvessa
D:6:      nicolae_overflow_crystal_walls, serial_shops, shop,
          nicolae_shop_crystal, shop, shop, basic_altar
D:7:      chequers_temple_overflow_minitemple, lightli_church_of_beogh
D:8:      nicolae_ru_path_of_blood
D:10:     minmay_lair_entry_grove, serial_shops, nicolae_shop_trees
D:11:     orc_0_dummy, hangedman_ranch, grunt_decor_resistance, minivault_15,
          uniq_fannar
D:12:     uniq_josephine
Temple:   minmay_crystal_spiral_temple
Lair:1:   special_room, grunt_forest_stairs_basic, minivault_11,
          roderic_batcave, st_stairs_13, lemuel_fruit_tree, uniq_nergalle
Lair:2:   nicolae_spider_entry_orb_guardian
Lair:3:   minmay_swamp_entry_eels, grunt_megastairs_2
Lair:4:   basic_altar, beast_lair_carwin_7, uniq_nessos
Lair:6:   grunt_lair_end_beastmaster, minmay_slime_entry_pillars, tgw_fedhas,
          uniq_rupert
Orc:1:    enter_bailey_2, serial_shops
Orc:2:    grunt_orc_cross, uniq_azrael, uniq_saint_roka
Bailey:   bailey_polearm_flooded_kennysheep, bailey

Skill      XL: |  1  2  3  4  5  6  7  8  9 10 11 12 13 14 |
---------------+-------------------------------------------+-----
Shields        | 4 5 6 7 8 10 11 12 | 12.0
Fighting       | 3 4 5 6 7 8 9 |  9.9
Dodging        | 1 |  1.0
Axes           | 3 4 5 |  5.4
Slings         | 1 2 3 4 6 7 8 9 10 11 | 11.7
Armour         | 4 5 6 8 9 10 11 12 | 12.5
Long Blades    | 2 5 7 9 10 11 12 | 12.0
Stealth        | 1 2 3 |  3.2
Invocations    | 3 6 7 9 11 12 | 12.6

Action                   |  1- 3 |  4- 6 |  7- 9 | 10-12 | 13-15 || total
-------------------------+-------+-------+-------+-------+-------++-------
Melee: War axe           |   115 |   126 |    30 |       |       ||   271
       Falchion          |       |       |   413 |   638 |   934 ||  1985
       Kick              |       |       |    90 |       |       ||    90
       Hunting sling     |       |       |       |     2 |       ||     2
       Short sword       |       |       |       |    67 |       ||    67
 Fire: Hunting sling     |       |    60 |   135 |   136 |   543 ||   874
       Fustibalus        |       |       |    24 |   109 |       ||   133
Throw: Tomahawk          |     2 |     2 |     6 |     8 |    15 ||    33
       Javelin           |       |       |       |       |    56 ||    56
Invok: Greater Healing   |       |       |       |    26 |    25 ||    51
       Lesser Healing    |       |       |       |       |    14 ||    14
 Abil: Heal Wounds       |     1 |     5 |    11 |     3 |    17 ||    37
Evoke: Wand              |       |       |       |       |     2 ||     2
  Use: Scroll            |     3 |     6 |     4 |    11 |    12 ||    36
       Potion            |       |     2 |     3 |     7 |    18 ||    30
 Stab: Invisible         |       |       |       |     4 |     6 ||    10
       Petrified         |       |       |       |       |     3 ||     3
  Eat: Chunk             |     1 |     7 |    13 |    27 |    38 ||    86
       Fruit             |       |       |     6 |     8 |       ||    14
       Pizza             |       |       |       |     2 |       ||     2
Armor: Scale mail        |    54 |       |       |       |       ||    54
       Chain mail        |     3 |    60 |   117 |       |    10 ||   190
       Plate armour      |       |       |    25 |   278 |   238 ||   541
       Crystal plate arm |       |       |       |       |   169 ||   169
Dodge: Dodged            |    43 |    27 |    76 |   202 |   260 ||   608
Block: Shield            |    74 |    61 |   254 |   405 |   688 ||  1482
       Rpst.: Falchion   |       |       |    22 |    67 |    59 ||   148
